 Dungeon Sprint DCSS version 0.22.1-2-g9c5b331 (webtiles) character file.

14821 diana the Unseen (level 12, -3/124 (127) HPs)
             Began as a Kobold Enchanter on Dec 22, 2018.
             Was the Champion of Okawaru.
             Succumbed to a death drake's foul vapour
             ... in the Dungeon (Sprint III: "The Ten Rune Challenge").
             The game lasted 00:16:54 (3519 turns).

diana the Unseen (Kobold Enchanter)                 Turns: 3519, Time: 00:16:55

HP:   -3/124 (127)  AC: 11    Str: 13    XL:     12   Next: 50%
MP:   19/25         EV: 32    Int: 17    God:    Okawaru [******]
Gold: 2544          SH:  0    Dex: 22    Spells: 13/30 levels left

rFire    . . .     SeeInvis .   m - +5 quick blade
rCold    + . .     Gourm    .   (shield restricted)
rNeg     + . .     Faith    .   k - +2 robe {rC+}
rPois    +         Spirit   .   (no helmet)
rElec    .         Reflect  .   l - +2 cloak {rPois}
rCorr    .         Harm     .   e - +1 pair of gloves of the Catamount {rN+ Dex+5}
MR       .....     NoTele   +   (no boots)
Stlth    ..........             (no amulet)
HPRegen  0.30/turn              (no ring)
MPRegen  0.19/turn              (no ring)

@: berserking, lethally poisoned (-3 -> -37), heroism, slowed
A: small, talons 1, blink, carnivore, robust 1
a: Blink, Heroism, Finesse, Renounce Religion


You were in the Dungeon.
You worshipped Okawaru.
Okawaru was exalted by your worship.
You were not hungry.

You visited 1 branch You collected 2544 gold pieces.

Inventory:

Hand Weapons
 a - a +2 rapier of protection
 m - a +5 quick blade (weapon)
 t - a +2 dagger of draining
 v - a +2 dagger of speed
 w - a +0 blowgun
Missiles
 c - 7 throwing nets (quivered)
 x - 7 curare-tipped needles
Armour
 b - a +0 robe
 e - the +1 pair of gloves of the Catamount (worn) {rN+ Dex+5}
   (Okawaru gifted it to you in the Dungeon)

   It affects your dexterity (+5).
   It protects you from negative energy.
 k - a +2 robe of cold resistance (worn)
 l - a +2 cloak of poison resistance (worn)
Scrolls
 j - a scroll of blinking
 n - a scroll of immolation {unknown}
 o - 3 scrolls of identify
 p - 3 scrolls of remove curse
 r - a scroll of holy word {unknown}
Potions
 g - 2 potions of haste
 h - 4 potions of magic
 i - a potion of berserk rage
 q - 4 potions of flight
 s - a potion of might
Miscellaneous
 u - a lamp of fire
Comestibles
 d - 15 rations


   Skills:
 * Level 10.3(15.3) Fighting
 - Level 17.0(22.0) Short Blades
 + Level 6.2(11.2) Armour
 * Level 11.5(16.5) Dodging
 * Level 19.8(24.8) Stealth
 - Level 9.7 Spellcasting
 - Level 7.3 Conjurations
 - Level 9.9 Hexes
 - Level 4.8 Air Magic
 - Level 4.7 Poison Magic
 + Level 6.0 Invocations


You had 13 spell levels left.
You knew the following spells:

 Your Spells              Type           Power        Failure   Level  Hunger
a - Corona                Hex            #####..      1%          1    None
b - Ensorcelled Hibernat  Hex/Ice        ####..       1%          2    None
c - Confuse               Hex            #####...     1%          3    None
d - Dazzling Spray        Conj/Hex       #####.       1%          3    None
e - Slow                  Hex            #####...     1%          2    None
f - Tukima's Dance        Hex            #####...     1%          3    None
g - Mephitic Cloud        Conj/Pois/Air  ####....     2%          3    None

Your spell library contained the following spells:

 Spells                   Type           Power        Failure   Level  Hunger
 Magic Dart               Conj           ####         1%          1    None
 Conjure Flame            Conj/Fire      ###.....     6%          3    None
 Blink                    Tloc           N/A          13%         2    None
 Call Imp                 Summ           #.......     13%         2    None


Dungeon Overview and Level Annotations

Branches:
Dungeon (1/1)

Altars:
Cheibriados
Dithmenos
Elyvilon
Fedhas
Gozag
Hepliaklqana
Kikubaaqudgha
Makhleb
Nemelex Xobeh
Okawaru
Qazlal
Ru
Sif Muna
Trog
Uskayaw
Vehumet
Wu Jian
Xom
Yredelemnul
Zin
The Shining One
Beogh
Jiyva
Lugonu

Shops:
D (


Innate Abilities, Weirdness & Mutations

You are small and have problems with some larger weapons.
You are carnivorous and can eat meat at any time.
You have sharp toenails.
You can translocate small distances at will.
You are robust. (+10% HP)


Message History

Aim: a death drake (lightly wounded, blind, chance to defeat MR: 37%)
The death drake easily resists.
You feel very sick. The death drake completely misses you.
The death drake breathes miasma at you. The foul vapour engulfs you!
* * * LOW HITPOINT WARNING * * *
Okay, then.
You gain the combat prowess of a mighty hero.
You are engulfed in dark miasma.
* * * LOW HITPOINT WARNING * * *
x2 You feel very sick.
The death drake is no longer blind.
The death drake breathes miasma at you. The foul vapour engulfs you!
You are more poisoned.
You feel your flesh rotting away!
* * * LOW HITPOINT WARNING * * *
A red film seems to cover your vision as you go berserk!
You feel yourself moving faster!
You feel mighty!
You die...

♣♣♣♣♣♣#.†♣♣ ♣♣♣##'##
###'♣♣♣♣♣♣♣♣♣♣♣♣♣♣♣
#...'
♣♣♣♣†##..##≈≈≈≈≈≈..#
#...#
♣...##.##.#≈≈≈≈≈...#
#).)#
♣♣†##.##†##†≈≈≈§§####
#####
♣..#†##...#≈≈...§§§$


#oPPP ♣♣.##.##.)#≈..+##### #.oPP ♣♣.##.#####...# #...o ♣.....##k@....# #...o
########+###### #+### You could see a death drake.

Vanquished Creatures
  Harold (D)
  2 hydras (D)
  Erolcha (D)
  Urug (D)
  3 orc high priests (D)
  A deep elf knight (D)
  A lindwurm (D)
  Joseph (D)
  5 deep elf magi (D)
  2 spiny frogs (D)
  A komodo dragon (D)
  A rime drake (D)
  A queen bee (D)
  2 tyrant leeches (D)
  A shadow (D)
  5 redbacks (D)
  A spatial vortex (D)
  A swamp drake (D)
  2 wandering mushrooms (D)
  2 orc warriors (D)
  A necrophage (D)
  5 two-headed ogres (D)
  A water elemental (D)
  32 killer bees (D)
  An electric eel (D)
  A jelly (D)
  4 orc priests (D)
  A wizard (D)
  Crazy Yiuf (D)
  Jessica (D)
  2 orc wizards (D)
  A necromancer (D)
  3 humans (D)
  A kobold demonologist (D)
  An ooze (D)
  8 orcs (D)
  A rat (D)
100 creatures vanquished.

Vanquished Creatures (others)
  Nikola (D)
  2 draconian scorchers (D)
  3 yaktaurs (D)
  6 hellions (D)
  2 hornets (D)
  2 orc priests (D)
  4 ball lightnings (D)
  A wandering mushroom (D)
  2 ballistomycetes (D)
  A ballistomycete spore (D)
  13 plants (D)
37 creatures vanquished.

Grand Total: 137 creatures vanquished

Notes
Turn   | Place    | Note
-------+----------+-------------------------------------------
     0 | D        | diana the Kobold Enchanter began the quest for the Orb.
     0 | D        | Reached XP level 1. HP: 10/10 MP: 3/3
    54 | D        | Killed a yaktaur
    85 | D        | Killed a hellion
    87 | D        | Killed a hellion
   136 | D        | Killed a hellion
   138 | D        | Killed a hellion
   170 | D        | Noticed Jessica
   173 | D        | Killed Jessica
   173 | D        | Reached skill level 5 in Stealth
   173 | D        | Reached XP level 2. HP: 15/15 MP: 4/6
   173 | D        | Reached XP level 3. HP: 19/19 MP: 5/8
   194 | D        | Killed a hellion
   195 | D        | Killed a white draconian scorcher
   206 | D        | Learned a level 2 spell: Ensorcelled Hibernation
   213 | D        | Noticed Crazy Yiuf
   220 | D        | Killed Crazy Yiuf
   220 | D        | Reached skill level 6 in Stealth
   220 | D        | Reached XP level 4. HP: 24/24 MP: 10/10
   237 | D        | Killed a yaktaur
   246 | D        | Reached skill level 5 in Short Blades
   246 | D        | Reached skill level 7 in Stealth
   246 | D        | Reached skill level 5 in Hexes
   284 | D        | Gained mutation: You are weak. (Str -2) [potion of
                  | mutation]
   284 | D        | Gained mutation: You expend magic power (3 MP) to
                  | strengthen your wands. [potion of mutation]
   285 | D        | Lost mutation: You expend magic power (3 MP) to strengthen
                  | your wands. [potion of mutation]
   285 | D        | Lost mutation: You are weak. (Str -2) [potion of mutation]
   285 | D        | Gained mutation: Your natural rate of healing is unusually
                  | fast. [potion of mutation]
   285 | D        | Gained mutation: Your flesh is heat resistant. (rF+)
                  | [potion of mutation]
   285 | D        | Lost mutation: Your flesh is heat resistant. (rF+) [potion
                  | of mutation]
   285 | D        | Gained mutation: You are agile. (Dex +2) [potion of
                  | mutation]
   286 | D        | Lost mutation: You are agile. (Dex +2) [potion of mutation]
   286 | D        | Lost mutation: Your natural rate of healing is unusually
                  | fast. [potion of mutation]
   286 | D        | Gained mutation: You are robust. (+10% HP) [potion of
                  | mutation]
   286 | D        | Gained mutation: You have sharp toenails. [potion of
                  | mutation]
   286 | D        | Gained mutation: You can translocate small distances at
                  | will. [potion of mutation]
   304 | D        | Killed a white draconian scorcher
   318 | D        | Noticed a water elemental
   320 | D        | Killed a water elemental
   320 | D        | Reached skill level 8 in Stealth
   320 | D        | Reached skill level 5 in Spellcasting
   320 | D        | Reached XP level 5. HP: 30/30 MP: 10/12
   336 | D        | Found a radiant altar of Vehumet.
   336 | D        | Found a deep blue altar of Sif Muna.
   336 | D        | Found an ancient bone altar of Kikubaaqudgha.
   349 | D        | Learned a level 3 spell: Confuse
   353 | D        | Learned a level 3 spell: Dazzling Spray
   356 | D        | Learned a level 2 spell: Slow
   362 | D        | Found a glowing silver altar of Zin.
   362 | D        | Found a glowing golden altar of the Shining One.
   362 | D        | Found a white marble altar of Elyvilon.
   363 | D        | Noticed a deep elf mage
   369 | D        | Killed a deep elf mage
   369 | D        | Reached skill level 10 in Short Blades
   369 | D        | Reached skill level 11 in Stealth
   369 | D        | Reached XP level 6. HP: 35/35 MP: 7/17
   369 | D        | Reached XP level 7. HP: 39/39 MP: 7/18
   382 | D        | Killed a hellion
   439 | D        | Found a hide-covered altar of Uskayaw.
   439 | D        | Found a roughly hewn altar of Beogh.
   439 | D        | Found an iron altar of Okawaru.
   439 | D        | Found a bloodstained altar of Trog.
   439 | D        | Found an ornate altar of the Wu Jian Council.
   439 | D        | Noticed a human
   439 | D        | Noticed a human
   442 | D        | Killed a human
   442 | D        | Reached skill level 12 in Stealth
   443 | D        | Killed a human
   443 | D        | Reached XP level 8. HP: 45/45 MP: 18/20
   466 | D        | Found a basalt altar of Yredelemnul.
   466 | D        | Found a shadowy altar of Dithmenos.
   466 | D        | Found a sacrificial altar of Ru.
   686 | D        | Became a worshipper of Warmaster Okawaru
   706 | D        | Noticed a shadow
   708 | D        | Killed a shadow
   718 | D        | Found a blossoming altar of Fedhas.
   718 | D        | Found a stormy altar of Qazlal.
   718 | D        | Found a snail-covered altar of Cheibriados.
   718 | D        | Found a burning altar of Makhleb.
   718 | D        | Found a shimmering altar of Xom.
   719 | D        | Found a hazy altar of Hepliaklqana.
   719 | D        | Found an opulent altar of Gozag.
   719 | D        | Found a sparkling altar of Nemelex Xobeh.
   719 | D        | Found a corrupted altar of Lugonu.
   719 | D        | Found a viscous altar of Jiyva.
   735 | D        | Reached skill level 13 in Stealth
   780 | D        | Reached XP level 9. HP: 24/49 MP: 15/22
   901 | D        | Learned a level 3 spell: Tukima's Dance
   905 | D        | Learned a level 3 spell: Mephitic Cloud
   934 | D        | Reached skill level 1 in Conjurations
  1008 | D        | Found Zuino's Weapon Shoppe.
  1009 | D        | Noticed an orc high priest
  1051 | D        | Killed an orc high priest
  1051 | D        | Reached * piety under Okawaru
  1051 | D        | Reached ** piety under Okawaru
  1051 | D        | Reached skill level 14 in Stealth
  1107 | D        | Reached skill level 5 in Conjurations
  1112 | D        | Reached skill level 15 in Stealth
  1122 | D        | Noticed an orc high priest
  1126 | D        | Noticed an ice devil
  1129 | D        | Killed an orc high priest
  1129 | D        | Reached *** piety under Okawaru
  1129 | D        | Reached XP level 10. HP: 48/55 MP: 4/23
  1218 | D        | Reached skill level 16 in Stealth
  1286 | D        | Killed a yaktaur
  1333 | D        | Noticed Erolcha
  1336 | D        | Killed Erolcha
  1336 | D        | Reached skill level 15 in Short Blades
  1336 | D        | Reached skill level 1 in Armour
  1337 | D        | Reached **** piety under Okawaru
  2087 | D        | Noticed Joseph
  2088 | D        | Noticed Harold
  2091 | D        | Killed Joseph
  2091 | D        | Reached skill level 5 in Dodging
  2092 | D        | Killed Harold
  2092 | D        | Reached ***** piety under Okawaru
  2092 | D        | Received a gift from Okawaru
  2092 | D        | Reached skill level 5 in Fighting
  2092 | D        | Reached skill level 17 in Stealth
  2092 | D        | Reached XP level 11. HP: 57/70 MP: 24/24
  2196 | D        | Noticed a deep elf mage
  2196 | D        | Noticed a deep elf mage
  2196 | D        | Noticed a deep elf mage
  2196 | D        | Noticed a deep elf knight
  2196 | D        | Noticed a deep elf mage
  2287 | D        | Killed a deep elf mage
  2287 | D        | Reached skill level 1 in Invocations
  2291 | D        | Killed a deep elf mage
  2304 | D        | Killed a deep elf mage
  2416 | D        | Killed a deep elf knight
  2477 | D        | Killed a deep elf mage
  2477 | D        | Reached skill level 18 in Stealth
  2597 | D        | Received a gift from Okawaru
  2668 | D        | Reached skill level 5 in Armour
  3203 | D        | Received a gift from Okawaru
  3203 | D        | Reached XP level 12. HP: 82/82 MP: 17/25
  3208 | D        | Got a pair of faintly humming gloves {god gift}
  3214 | D        | Identified the +1 pair of gloves of the Catamount {rN+
                  | Dex+5} (Okawaru gifted it to you in the Dungeon)
  3254 | D        | Reached skill level 10 in Dodging
  3270 | D        | Reached skill level 19 in Stealth
  3347 | D        | Reached skill level 5 in Invocations
  3367 | D        | Noticed Urug
  3369 | D        | Killed Urug
  3404 | D        | Noticed a five-headed hydra
  3404 | D        | Noticed a four-headed hydra
  3411 | D        | Killed a four-headed hydra
  3411 | D        | Reached ****** piety under Okawaru
  3411 | D        | Reached skill level 10 in Fighting
  3427 | D        | Killed a five-headed hydra
  3467 | D        | Killed Nikola
  3508 | D        | Noticed a death drake
  3518 | D        | HP: 1/83 [death drake/foul vapour (13)]
  3519 | D        | Succumbed to a death drake's foul vapour

Skill      XL: |  1  2  3  4  5  6  7  8  9 10 11 12 |
---------------+-------------------------------------+-----
Short Blades   | 4 6 10 11 12 14 15 17 | 17.0
Stealth        | 5 6 8 11 12 13 15 17 18 19 | 19.8
Spellcasting   | 3 4 5 8 9 |  9.7
Hexes          | 4 5 8 9 |  9.9
Conjurations   | 6 7 |  7.3
Fighting       | 5 8 10 | 10.3
Armour         | 4 5 6 |  6.2
Dodging        | 6 9 11 | 11.5
Air Magic      | 4 |  4.8
Poison Magic   | 4 |  4.7
Invocations    | 4 6 |  6.0

Action                   |  1- 3 |  4- 6 |  7- 9 | 10-12 || total
-------------------------+-------+-------+-------+-------++-------
Melee: Dagger            |    13 |     6 |    56 |   111 ||   186
       Kick              |       |       |    16 |    66 ||    82
       Quick blade       |       |       |       |   153 ||   153
       Punch             |       |       |       |     2 ||     2
 Cast: Ensorcelled Hiber |       |     6 |    15 |    48 ||    69
       Confuse           |       |       |     5 |     2 ||     7
       Dazzling Spray    |       |       |    10 |    23 ||    33
       Slow              |       |       |     1 |     5 ||     6
Invok: Heroism           |       |       |       |     4 ||     4
  Use: Potion            |       |     3 |       |     5 ||     8
 Stab: Sleeping          |     2 |     5 |    11 |    26 ||    44
       Confused          |       |       |     1 |       ||     1
       Invisible         |       |       |     4 |    10 ||    14
       Distracted        |       |       |       |     1 ||     1
  Eat: Chunk             |       |       |     2 |    10 ||    12
Armor: Robe              |     4 |       |     6 |    21 ||    31
Dodge: Dodged            |     9 |     4 |    29 |   240 ||   282
